 Dungeon Crawl Stone Soup version 0.30.1-4-g462c640d31 (webtiles) character file.

Game seed: 14046493222550769229

265 spardeous the Conjurer (level 5, 0/38 HPs)
             Began as a Demigod Conjurer on Aug 30, 2023.
             Slain by a quasit (1 damage)
             ... summoned by Eustachio
             ... on level 4 of the Dungeon.
             The game lasted 00:02:17 (2875 turns).

spardeous the Conjurer (Demigod Conjurer)           Turns: 2875, Time: 00:02:18

Health: 0/38       AC:  6    Str: 14    XL:     5   Next: 66%
Magic:  10/14      EV: 10    Int: 24    God:
Gold:   112        SH:  0    Dex: 12    Spells: 8/11 levels left

rFire   . . .        q - staff of poison
rCold   . . .        (no shield)
rNeg    . . .        p - +0 ring mail
rPois   +            (no helmet)
rElec   .            (no cloak)
rCorr   .            (no gloves)
SInv    .            k - +0 pair of boots
Will    .....        (no amulet)
Stlth   +            j - +6 ring of strength
HPRegen 0.26/turn    (no ring)
MPRegen 0.14/turn

%: no passive effects
@: no status effects
A: high MP 1, forlorn, divine attributes
a: no special abilities


You were on level 4 of the Dungeon.
You visited 1 branch of the dungeon, and saw 4 of its levels.

You collected 112 gold pieces.

Inventory:

Armour
 a - a +0 robe
 k - a +0 pair of boots (worn)
 p - a +0 ring mail (worn)
Magical Staves
 q - a staff of poison (weapon)
Jewellery
 j - a +6 ring of strength (left hand)
 s - an amulet of the acrobat
Scrolls
 d - 3 scrolls of identify {unknown}
 f - 2 scrolls of enchant weapon {unknown}
 g - a scroll of magic mapping {unknown}
 h - 2 scrolls of vulnerability {unknown}
 i - 2 scrolls of immolation {unknown}
 l - 2 scrolls of blinking {unknown}
 m - a scroll of amnesia {unknown}
 n - 2 scrolls of teleportation {unknown}
Potions
 c - a potion of ambrosia {unknown}
 e - a potion of invisibility {unknown}
 o - 2 potions of curing {unknown}
 r - a potion of resistance {unknown}


   Skills:
 - Level 1.7 Dodging
 - Level 1.7 Stealth
 + Level 3.9 Spellcasting
 + Level 5.3 Conjurations


You had 8 spell levels left.
You knew the following spells:

 Your Spells              Type           Power      Damage    Failure   Level
a - Magic Dart            Conj           100%       1d8       2%          1
b - Searing Ray           Conj           60%        2d6       3%          2

Your spell library contained the following spells:

 Spells                   Type           Power      Damage    Failure   Level
 Dazzling Flash           Conj/Hex       34%        N/A       21%         3
 Fulminant Prism          Conj/Hex       8%         3d6       56%         4
 Iskenderun's Mystic Bla  Conj/Tloc      17%        2d5       56%         4


Dungeon Overview and Level Annotations

Branches:
Dungeon (4/15)
 Temple: D:4-7

Annotations:
D:4 Eustachio


Innate Abilities, Weirdness & Mutations

You have an increased reservoir of magic. (+10% MP)
You shall have no god before yourself.
Your divine heritage dramatically boosts your attributes as you level up.


Message History

Found 16 gold pieces.
The shadow imp attacks as you move away!
The shadow imp hits you but does no damage.
Eustachio gestures wildly while chanting.
The shadow imp attacks as you move away!
The shadow imp barely misses you. The shadow imp gestures at you.
Pain shoots through your body!
* * * LOW HITPOINT WARNING * * *
You take 6 damage, and have 1/38 hp.
Magic courses through your body.
MP restored: 14
Casting: Searing Ray (safe; 3% risk of failure)
Confirm with . or Enter, or press ? or * to list all spells.
Aiming: Searing Ray (safe; 3% risk of failure)
Press: ? - help, Shift-Dir - straight line, f/p - Eustachio
Aim: Eustachio, wielding a +4 rapier of venom and wearing a +0 leather armour (almost dead, 71% to hit)
The searing ray hits the shadow imp!
The shadow imp is almost dead.
The searing ray hits Eustachio.
Eustachio is almost dead. (Press . to maintain the ray.) Eustachio mumbles some strange words.
Eustachio blinks!
The shadow imp closely misses you.
You now have 12/14 mp.
The searing ray hits the shadow imp.
You kill the shadow imp!
The shadow imp disappears in a puff of smoke!
The searing ray misses the quasit.
You now have 11/14 mp.
The searing ray misses the quasit.
The searing ray hits the shadow imp!
The shadow imp is almost dead.
You now have 10/14 mp.
The searing ray hits the quasit but does no damage.
You finish channelling your searing ray.
The quasit bites you.
* * * LOW HITPOINT WARNING * * *
The quasit claws you but does no damage.
The quasit claws you.
You die...

. #...###'# .$
#...##..## #.
#5..#....#..#
#.<##..5#....#..#
#.<...@.#....#..#
#..##.!.##...#..#
#..##.ยงยง##..##..#
#.......##..##..#
#..##..5.5@.....#
#+ #...........#
#...######..#
##...##..##'##
#.....#......#
#.....'......#
##...##..##..#
#...######..#
#....# #...#


You could see a quasit (summoned) and a shadow imp (summoned).

Vanquished Creatures
  A scorpion (D:3)
  A howler monkey (D:3)
  Terence (D:3)
  2 orc wizards (D:3)
  Natasha (D:4)
  An adder (D:2)
  2 dart slugs
  8 orcs (D:3)
  4 endoplasms
  A giant cockroach (D:2)
  2 goblins
  5 hobgoblins
  3 quokkas
  4 ball pythons
  6 bats
  2 frilled lizards (D:2)
  2 kobolds
  4 rats
50 creatures vanquished.

Notes
Turn   | Place    | Note
-------+----------+-------------------------------------------
     0 | D:1      | spardeous the Demigod Conjurer began the quest for the Orb.
     0 | D:1      | Reached XP level 1. HP: 14/14 MP: 5/5
   646 | D:1      | Reached XP level 2. HP: 20/20 MP: 4/7
  1320 | D:2      | Reached skill level 4 in Conjurations
  1870 | D:2      | Learned a level 2 spell: Searing Ray
  2002 | D:3      | Reached XP level 3. HP: 26/26 MP: 5/9
  2138 | D:3      | Noticed a scorpion
  2147 | D:3      | Reached XP level 4. HP: 6/33 MP: 8/11
  2336 | D:3      | Reached XP level 5. HP: 38/38 MP: 8/13
  2447 | D:3      | Reached skill level 5 in Conjurations
  2521 | D:3      | Noticed Terence
  2529 | D:3      | Killed Terence
  2716 | D:3      | You fall into a shaft and drop 1 floor!
  2743 | D:4      | Noticed Natasha
  2747 | D:4      | Killed Natasha
  2838 | D:4      | Noticed Eustachio
  2870 | D:4      | HP: 1/38 [shadow imp/nerve-wracking pain[Eustachio] (6)]
  2875 | D:4      | HP: 1/38 [quasit[Eustachio] (1)]
  2875 | D:4      | Slain by a quasit

Illustrated notes

Levels and vault maps discovered:
D:1:      sevenhm_arrival_forest_fort_small_3, layout_loops_ring
D:2:      layout_basic, hellmonk_ecumenical_altar_arch_garden, serial_glass,
          glass_columns_a, glass_columns_c, glass_columns_b, glass_columns_b,
          glass_columns_c, glass_columns_c, glass_columns_b, glass_columns_a,
          glass_columns_a, glass_columns_c, glass_columns_a, glass_columns_b,
          glass_columns_a, glass_columns_b, grunt_ministairs_13
D:3:      layout_loops_ring, okawaru_gym_becter, mainiacjoe_overflow_two_lobes,
          uniq_terence
D:4:      nicolae_cairo_tiling_large, layout_gridville,
          chequers_serial_rivers_marsh, minmay_snake_closets, uniq_natasha,
          uniq_eustachio, uniq_ijyb, uniq_blork_the_orc

Skill      XL: |  1  2  3  4  5 |
---------------+----------------+-----
Spellcasting   | 2 3 |  3.9
Conjurations   | 4 5 |  5.3
Dodging        | |  1.7
Stealth        | |  1.7

Action                     |  1- 3 |  4- 6 || total
---------------------------+-------+-------++-------
  Melee: Unarmed           |     8 |       ||     8
         Staff             |       |     1 ||     1
   Cast: Magic Dart        |    55 |    38 ||    93
         Searing Ray       |     4 |     6 ||    10
    Use: Potion            |     1 |     1 ||     2
 Armour: Robe              |     3 |       ||     3
         Ring mail         |     1 |    11 ||    12
  Dodge: Dodged            |     4 |    16 ||    20
